 Dungeon Crawl Stone Soup version 0.24.0-13-gcf9b3192b9 (webtiles) character file.

Game seed: 10719331937976839452, levelgen mode: deterministic

42 roguesci the Shield-Bearer (level 3, -1/23 HPs)
             Began as a Gargoyle Fighter on Nov 8, 2019.
             Slain by a wight
             ... wielding a +5 morningstar
              (4 damage)
             ... on level 2 of the Dungeon.
             The game lasted 00:04:28 (1084 turns).

roguesci the Shield-Bearer (Gargoyle Fighter)       Turns: 1084, Time: 00:04:28

Health: -1/23      AC:  8    Str: 20    XL:     3   Next: 54%
Magic:  3/3        EV:  9    Int:  8    God:
Gold:   33         SH:  9    Dex:  9    Spells: 2/2 levels left

rFire    . . .     SeeInvis .   a - +0 flail
rCold    . . .     Gourm    .   c - +0 shield
rNeg     + . .     Faith    .   k - +0 leather armour (curse)
rPois    ∞         Spirit   .   j - +0 helmet
rElec    +         Reflect  .   (no cloak)
rCorr    .         Harm     .   (no gloves)
MR       .....                  i - +0 pair of boots (curse)
Stlth    +.........             (no amulet)
HPRegen  0.07/turn              (no ring)
MPRegen  0.08/turn              (no ring)

@: no status effects
A: negative energy resistance 1, electricity resistance, unbreathing,
petrification resistance, rot immunity, AC +3
a: no special abilities


You were on level 2 of the Dungeon.
You were hungry.

You visited 1 branch of the dungeon, and saw 2 of its levels.

You collected 33 gold pieces.

Inventory:

Hand Weapons
 a - a +0 flail (weapon)
Armour
 b - a +0 scale mail
 c - a +0 shield (worn)
 d - a +2 helmet
 i - a cursed +0 pair of boots (worn)
 j - a +0 helmet (worn)
 k - a cursed +0 leather armour (worn)
Comestibles
 f - 2 rations


   Skills:
 + Level 3.5 Fighting
 * Level 2.6 Maces & Flails
 + Level 3.5 Armour
 * Level 1.1 Dodging
 + Level 3.5 Shields


You had 2 spell levels left.
You didn't know any spells.
Your spell library was empty.

Dungeon Overview and Level Annotations

Branches:
Dungeon (2/15)

Altars:


Innate Abilities, Weirdness & Mutations

You are resistant to torment.
Your stone body is resilient. (AC +3)
You are immune to poison.
You resist negative energy. (rN+)
You are resistant to electric shocks. (rElec)
You can survive without breathing.
You are immune to petrification.
You are immune to rotting.


Message History

You aren't carrying any scrolls.
You closely miss the wight.
The wight is lightly damaged.
The wight hits you with a +5 morningstar.
You barely miss the wight.
The wight is lightly damaged.
The wight closely misses you.
There is a stone staircase leading down here.
The wight hits you with a +5 morningstar!
You climb downwards.
There is a stone staircase leading up here.
Found a scroll labeled KAABBOADO.
A wight comes into view. It is wielding a +4 halberd.
The wight hits you with a +4 halberd.
* * * LOW HITPOINT WARNING * * *
There is a stone staircase leading up here.
The wight hits you with a +4 halberd.
* * * LOW HITPOINT WARNING * * *
The wight hits you with a +5 morningstar.
You die...

..........?.#..)....#
............+...⌠...+
...........##.......# #
............#.⌠...⌠.# .
#..........#.......# .#
#....#.#..#####'#####.##
##...##.#..#.#<........#.
#.......#z...............
#.......@................
#........z.......#.##....
#.##..#..#.##..#.#)##....
.........#.##..#.#.##....
..............(.#)##....
....(..................#.
.........#......z......#.
.......................
........###....#.##....


You could see 2 wights.

Vanquished Creatures
  Robin (D:2)
  A worm (D:2)
  13 goblins
  5 hobgoblins
  A kobold (D:2)
  A bat (D:1)
  2 frilled lizards
  A rat (D:1)
25 creatures vanquished.

Notes
Turn   | Place    | Note
-------+----------+-------------------------------------------
     0 | D:1      | roguesci the Gargoyle Fighter began the quest for the Orb.
     0 | D:1      | Reached XP level 1. HP: 14/14 MP: 1/1
   367 | D:1      | Reached XP level 2. HP: 18/19 MP: 2/2
   680 | D:2      | Noticed Robin
   693 | D:2      | Killed Robin
   693 | D:2      | Reached skill level 1 in Dodging
   693 | D:2      | Reached XP level 3. HP: 8/23 MP: 3/3
  1084 | D:2      | Slain by a wight

Levels and vault maps discovered:
D:1:      dpeg_arrival_tiny_g, layout_basic
D:2:      layout_basic, gammafunk_temple_overflow_claw, minmay_fountain_box,
          uniq_robin, uniq_jessica, uniq_natasha

Skill      XL: |  1  2 |
---------------+-------+-----
Dodging        | 1 |  1.1
Fighting       | |  3.5
Maces & Flails | |  2.6
Armour         | |  3.5
Shields        | |  3.5

Action                   || total
-------------------------++-------
Melee: Flail             ||    82
  Use: Potion            ||     1
       Scroll            ||     2
Armor: Scale mail        ||     9
       Leather armour    ||    18
Dodge: Dodged            ||    33
Block: Shield            ||    52
